 Dungeon Crawl Stone Soup version 0.29.1-2-gbd0b4ee654 (webtiles) character file.

Game seed: 13668646684734996902

39 sizableburger the Grasshopper (level 3, -1/19 HPs)
             Began as a Vine Stalker Warper on Nov 9, 2022.
             Succumbed to an adder's poison
             ... on level 2 of the Dungeon.
             The game lasted 00:04:45 (1641 turns).

sizableburger the Grasshopper (Vine Stalker Warper) Turns: 1641, Time: 00:04:45

Health: -1/19      AC:  3    Str: 13    XL:     3   Next: 47%
Magic:  4/7        EV: 11    Int: 15    God:
Gold:   63         SH:  0    Dex: 13    Spells: 4/6 levels left

rFire   . . .      SeeInvis .   a - +0 hand axe
rCold   . . .      Faith    .   (no shield)
rNeg    . . .      Spirit   +   b - +0 leather armour
rPois   .          Reflect  .   (no helmet)
rElec   .          Harm     .   (no cloak)
rCorr   .          Rampage  .   (no gloves)
Will    .....                   (no boots)
Stlth   +.........              (no amulet)
HPRegen 0.06/turn               (no ring)
MPRegen 0.10/turn               (no ring)

@: lethally poisoned (-1 -> -11), on blink cooldown, very slightly contaminated
A: fangs 2, magic shield, antimagic bite, no potion heal 2
a: no special abilities


You were on level 2 of the Dungeon.
You visited 1 branch of the dungeon, and saw 2 of its levels.

You collected 63 gold pieces.

Inventory:

Hand Weapons
 a - a +0 hand axe (weapon)
Missiles
 d - 7 boomerangs of dispersal (quivered)
 e - 6 javelins
 m - 9 poisoned darts
Armour
 b - a +0 leather armour (worn)
Jewellery
 g - a ring of resist corrosion
Scrolls
 c - 2 scrolls of blinking
 n - a scroll of identify {unknown}


   Skills:
 + Level 2.7 Fighting
 + Level 2.7 Axes
 - Level 0.8 Throwing
 - Level 0.7 Armour
 - Level 1.5 Dodging
 - Level 2.1 Spellcasting
 - Level 3.0 Translocations


You had 4 spell levels left.
You knew the following spells:

 Your Spells              Type           Power      Damage    Failure   Level
a - Blink                 Tloc           20%        N/A       12%         2

Your spell library contained the following spells:

 Spells                   Type           Power      Damage    Failure   Level
 Gell's Gravitas          Tloc           10%        N/A       24%         3
 Lesser Beckoning         Tloc           10%        N/A       24%         3
 Teleport Other           Tloc           10%        N/A       24%         3
 Manifold Assault         Tloc           10%        N/A       92%         5


Dungeon Overview and Level Annotations

Branches:
Dungeon (2/15)

Altars:


Innate Abilities, Weirdness & Mutations

You have extremely sharp teeth.
When hurt, damage is shared between your health and your magic reserves.
Your bite disrupts and absorbs the magic of your enemies.
Potions cannot restore your health.


Message History

You miscast Blink.
You are very lightly contaminated with residual magic.
Nothing appears to happen.
You feel very sick. The adder bites you.
You are lethally poisoned!
The adder poisons you!
Casting: Blink (safe; 12% risk of failure)
Confirm with . or Enter, or press ? or * to list all spells.
You blink.
You feel very sick.
You aren't carrying any potions.
Okay, then.
You aren't carrying any items that you can evoke.
Throw: 6 javelins
Press: ? - help, Q - select action, (/) - cycle Shift-Dir - straight line, f - adder
Aim: an adder (38% to hit)
Okay, then.
Unknown command.
Throw: 7 boomerangs (disperse)
Press: ? - help, Q - select action, (/) - cycle Shift-Dir - straight line, f - adder
Aim: an adder (38% to hit)
Okay, then.
You barely miss the adder.
* * * LOW HITPOINT WARNING * * *
You feel sick. The adder closely misses you.
You miss the adder. You bite the adder, but do no damage.
* * * LOW HITPOINT WARNING * * *
You feel sick. The adder bites you but does no damage.
You closely miss the adder. You bite the adder. You drain its power.
You feel invigorated.
The adder is lightly wounded.
* * * LOW HITPOINT WARNING * * *
You feel sick. The adder barely misses you. The adder bites you.
You are more poisoned.
The adder poisons you!
You hit the adder. You bite the adder. You drain its power.
You feel invigorated.
The adder is severely wounded.
You die...

#..####... #.#
#..†#(#.#.# .#
#.##...## . #
######!#..#..#
#.##......##...##
........#.#!#...#
##≈#........####.##
#~~≈...S...).......
~#...@..<#.#..####
~........).#.# .#
####...........
#########.## .# .#
.#


You could see an adder.

Vanquished Creatures
  An adder (D:2)
  7 ball pythons
  3 bats
  3 endoplasms (D:1)
  A giant cockroach (D:1)
  2 goblins
  2 hobgoblins
  A quokka (D:1)
  A frilled lizard (D:1)
  4 kobolds
  4 rats
29 creatures vanquished.

Notes
Turn   | Place    | Note
-------+----------+-------------------------------------------
     0 | D:1      | sizableburger the Vine Stalker Warper began the quest for
                  | the Orb.
     0 | D:1      | Reached XP level 1. HP: 11/11 MP: 4/4
   358 | D:1      | Reached XP level 2. HP: 14/15 MP: 4/6
  1018 | D:2      | Reached XP level 3. HP: 10/19 MP: 7/7
  1223 | D:2      | Found a faded altar of an unknown god.
  1313 | D:2      | HP: 1/28 [hobgoblin/+0 short sword (5)]
  1551 | D:1      | Learned a level 2 spell: Blink
  1641 | D:2      | Succumbed to an adder's poison

Illustrated notes

Levels and vault maps discovered:
D:1:      minmay_arrival_doors, layout_rooms, dk_noncrumbling_4
D:2:      layout_loops_corners, serial_rivers, chequers_serial_rivers_small_a,
          chequers_serial_rivers_marsh, chequers_serial_rivers_micro_b,
          chequers_serial_rivers_room_a, nicolae_ecumenical_snake_handling,
          basic_altar, grunt_decor_mini_mirrors, chequers_serial_rivers_micro_a,
          minmay_hexomino_f4

Skill      XL: |  1 |
---------------+----+-----
Fighting       | 2 |  2.7
Axes           | 2 |  2.7
Throwing       | |  0.8
Armour         | |  0.7
Dodging        | |  1.5
Spellcasting   | |  2.1
Translocations | |  3.0

Action                   || total
-------------------------++-------
Melee: Hand axe          ||    87
       Bite              ||    12
       Punch             ||     2
Throw: Javelin           ||    19
       Dart              ||     3
 Cast: Blink             ||     1
  Use: Potion            ||     4
       Scroll            ||     2
Armor: Leather armour    ||    37
       Skin              ||    14
Dodge: Dodged            ||    64
